 Dungeon Crawl Stone Soup version 0.26-a0-487-gbff1e92059 (webtiles) character file.

Game seed: 3858475252225815190

1621 KristoblXynda the Ruffian (level 8, -2/67 HPs)
             Began as a Troll Hedge Wizard on Aug 2, 2020.
             Was a Follower of Cheibriados.
             Slain by a wight
             ... wielding a cursed +2 halberd
              (10 damage)
             ... on level 6 of the Dungeon.
             The game lasted 00:09:11 (5108 turns).

KristoblXynda the Ruffian (Troll Hedge Wizard)      Turns: 5108, Time: 00:09:12

Health: -2/67      AC: 10    Str: 22    XL:     8   Next: 64%
Magic:  10/10      EV: 11    Int: 15    God:    Cheibriados [*.....]
Gold:   202        SH:  0    Dex: 12    Spells: 10/11 levels left

rFire    . . .     SeeInvis .     - Unarmed
rCold    . . .     Faith    .   (no shield)
rNeg     . . .     Spirit   .   b - +0 robe
rPois    .         Reflect  .   c - +0 hat
rElec    .         Harm     .   (no cloak)
rCorr    .                      (gloves unavailable)
MR       +....                  (boots unavailable)
Stlth    +.........             C - amulet of regeneration (curse)
HPRegen  1.01/turn              h - +4 ring of protection
MPRegen  0.12/turn              t - ring of protection from magic

@: heavily drained, very slow
A: large, unfitting armour, claws 3, regeneration 1, shaggy fur 1, tough skin 3
a: Bend Time, Renounce Religion


You were on level 6 of the Dungeon.
You worshipped Cheibriados.
Cheibriados was aware of your devotion.
You visited 2 branches of the dungeon, and saw 7 of its levels.
You also visited: Ossuary.

You collected 202 gold pieces.

Inventory:

Hand Weapons
 u - a +0 morningstar
Armour
 b - a +0 robe (worn)
 c - a +0 hat (worn)
Jewellery
 h - a +4 ring of protection (left claw)
 t - a ring of protection from magic (right claw)
 w - an uncursed ring of protection from fire
 C - a cursed amulet of regeneration (around neck)
Wands
 k - a wand of flame (20)
 o - a wand of clouds (5)
 B - a wand of disintegration (13)
 D - a wand of iceblast (6)
Scrolls
 a - a scroll of remove curse
 f - 5 scrolls of teleportation
 g - 2 scrolls of enchant weapon
 i - a scroll of blinking {unknown}
 n - a scroll of magic mapping
 p - a scroll of random uselessness {unknown}
 q - 3 scrolls of immolation
 r - 2 scrolls of enchant armour
 x - a scroll of fog {unknown}
Potions
 d - 4 potions of heal wounds
 e - 2 potions of ambrosia {unknown}
 j - 3 potions of resistance
 l - 3 potions of curing
 m - a potion of mutation {unknown}
 s - a potion of magic
 v - a potion of invisibility
 z - a potion of stabbing {unknown}
 A - a potion of cancellation


   Skills:
 + Level 5.5(4.1) Dodging
 - Level 1.0(0.0) Stealth
 + Level 6.1(4.7) Unarmed Combat
 - Level 2.0(0.7) Spellcasting
 + Level 4.8(3.4) Conjurations
   Level 0.6(0.0) Summonings
   Level 0.6(0.0) Translocations


You had 10 spell levels left.
You knew the following spells:

 Your Spells              Type           Power        Failure   Level
a - Magic Dart            Conj           ##..         6%          1

Your spell library contained the following spells:

 Spells                   Type           Power        Failure   Level
 Blink                    Tloc           N/A          36%         2
 Call Imp                 Summ           #.......     36%         2
 Slow                     Hex            #.......     36%         2
 Conjure Flame            Conj/Fire      #.......     36%         3
 Mephitic Cloud           Conj/Pois/Air  #.......     43%         3


Dungeon Overview and Level Annotations

Branches:
Dungeon (6/15)             Temple (1/1) D:5         Ossuary (visited)

Altars:
Ashenzari
Cheibriados
Dithmenos
Elyvilon
Fedhas
Gozag
Hepliaklqana
Kikubaaqudgha
Makhleb
Nemelex Xobeh
Okawaru
Qazlal
Sif Muna
Trog
Uskayaw
Vehumet
Wu Jian
Xom
Yredelemnul
Zin
The Shining One


Innate Abilities, Weirdness & Mutations

You are too large for most types of armour.
You have claws for hands.
Your natural rate of healing is unusually fast.
You are covered in fur. (AC +1)
You have extremely tough skin. (AC +3)


Message History

* * * LOW HITPOINT WARNING * * *
You feel much better. The wight barely misses you.
The wight hits you but does no damage.
You claw the wight!
You destroy the wight!
Cheibriados appreciates the change of pace.
The wight closely misses you.
The wight hits you with a cursed +2 halberd!
You feel drained.
Items here: ))) [[[ †.
The wight hits you with a cursed +2 halberd!
* * * LOW HITPOINT WARNING * * *
You barely miss the wight. The wight hits you but does no damage.
You barely miss the wight. You scratch the wight but do no damage.
The wight hits you with a cursed +2 halberd.
* * * LOW HITPOINT WARNING * * *
You scratch the wight but do no damage.
The wight hits you with a cursed +2 halberd!
You die...

......#**#*,* *,,,,*,*
.#.##.# *,***,**,..*
.>....# *,,,,,**#.#*
.#....# ******* #.#
.###..##########* #.#
........#.......* #.#
......#.#.......* #.#
#.##[.#.#.......###.###
#...............@)....#
#..####.#...?...z##.#.#
#..####.#........##...#
#.......#........####.#
##.#############.####.#
#.# #......#
#.######### ########.#
#.........# #..).....#
#########.# #.########


You could see a wight.

Vanquished Creatures
  An orc warrior (D:6)
  2 ogres (D:4)
  A centaur (D:5)
  A bullfrog (D:5)
  A scorpion (D:4)
  3 wights (D:6)
  2 howler monkeys
  5 centaur zombies (Ossuary)
  3 hounds
  A gnoll shaman (D:4)
  A jelly (D:5)
  A human zombie (D:6)
  3 orc priests
  2 orc wizards
  3 iguanas
  2 worker ants
  4 mummies (Ossuary)
  2 howler monkey skeletons
  15 adders
  2 ufetubi
  2 oozes
  5 adder skeletons
  2 worms
  3 dart slugs
  2 leopard geckos
  16 orcs
  A ball python (D:2)
  A giant cockroach (D:4)
  5 goblins
  6 hobgoblins
  4 jackals (D:2)
  7 quokkas
  4 bats
  5 frilled lizards
  4 hobgoblin zombies (Ossuary)
  A jackal zombie (D:6)
  8 kobolds
  A kobold zombie (D:6)
  A quokka skeleton (D:5)
  10 rats
143 creatures vanquished.

Notes
Turn   | Place    | Note
-------+----------+-------------------------------------------
     0 | D:1      | KristoblXynda the Troll Hedge Wizard began the quest for
                  | the Orb.
     0 | D:1      | Reached XP level 1. HP: 16/16 MP: 2/2
   138 | D:1      | Reached skill level 1 in Conjurations
   168 | D:1      | Reached XP level 2. HP: 17/24 MP: 4/4
   483 | D:1      | Reached skill level 1 in Unarmed Combat
   720 | D:2      | Reached XP level 3. HP: 30/31 MP: 5/5
  1290 | D:3      | Reached skill level 2 in Unarmed Combat
  1290 | D:3      | Reached XP level 4. HP: 34/39 MP: 6/6
  1333 | D:3      | Found a glowing silver altar of Zin.
  1386 | D:3      | Reached XP level 5. HP: 31/45 MP: 7/7
  2152 | D:3      | Found a sparkling altar of Nemelex Xobeh.
  2152 | D:3      | Found a glowing golden altar of the Shining One.
  2153 | D:3      | Found a basalt altar of Yredelemnul.
  2250 | D:4      | Reached skill level 3 in Unarmed Combat
  2290 | D:4      | Found a shadowy altar of Dithmenos.
  2643 | D:4      | Noticed an ogre
  2648 | D:4      | Reached XP level 6. HP: 50/53 MP: 8/8
  2988 | D:4      | Reached skill level 4 in Unarmed Combat
  2988 | D:4      | Reached XP level 7. HP: 47/59 MP: 9/9
  3508 | D:5      | Entered Level 5 of the Dungeon
  3589 | D:5      | Found an ornate altar of the Wu Jian Council.
  3855 | D:5      | Found a staircase to the Ecumenical Temple.
  4011 | Temple   | Entered the Ecumenical Temple
  4256 | Temple   | Became a worshipper of Cheibriados the Contemplative
  4478 | D:6      | Reached skill level 5 in Unarmed Combat
  4511 | D:6      | Found a sand-covered staircase.
  4540 | Ossuary  | Entered an ossuary
  4566 | Ossuary  | Reached XP level 8. HP: 29/67 MP: 10/10
  4828 | D:6      | Reached skill level 5 in Dodging
  4846 | D:6      | Reached * piety under Cheibriados
  4932 | D:6      | Found a shattered altar of Ashenzari.
  5082 | D:6      | Reached skill level 6 in Unarmed Combat
  5108 | D:6      | Slain by a wight

Illustrated notes

Levels and vault maps discovered:
D:1:      minmay_arrival_up_and_down, layout_loops_ring
D:2:      layout_loops_cross
D:3:      layout_basic, old_standard_altar, gammafunk_temple_overflow_claw
D:4:      minmay_thinvault, layout_basic, nicolae_dithmenos_the_darkroom
D:5:      layout_cave_pools, kennysheep_little_box, minmay_temple_entry_glass
D:6:      layout_loops_cross, overflow_temple_1_default, enter_ossuary_3,
          uniq_edmund
Temple:   minmay_temple_curvy_branch

Skill      XL: |  1  2  3  4  5  6  7  8 |
---------------+-------------------------+-----
Conjurations   | 1 2 3 4 |  4.8
Unarmed Combat | 1 2 3 4 5 6 |  6.1
Dodging        | 2 3 4 5 |  5.5
Stealth        | |  1.0
Spellcasting   | |  2.0
Summonings     | |  0.6
Translocations | |  0.6

Action                   |  1- 3 |  4- 6 |  7- 9 || total
-------------------------+-------+-------+-------++-------
Melee: Unarmed           |   124 |   172 |   290 ||   586
       Dagger            |     1 |       |       ||     1
       Punch             |     1 |     1 |     5 ||     7
  Use: Scroll            |       |       |    15 ||    15
       Potion            |       |       |     2 ||     2
 Stab: Sleeping          |     1 |     1 |       ||     2
       Distracted        |       |       |     1 ||     1
Armor: Robe              |    59 |    58 |   136 ||   253
Dodge: Dodged            |    55 |    91 |   200 ||   346

Table legend: (Time is in decaauts)
 A = Elapsed time spent in this place.
 B = Non-inter-level travel time spent in this place.
 C = Inter-level travel time spent in this place.
 D = Time resting spent in this place.
 E = Time spent auto-exploring this place.
 F = Levels seen in this place.
 G = Mean time per level.
                   A        B        C        D        E       F      G
               +--------+--------+--------+--------+--------+-----+--------+
         Total |   5211 |   5002 |    209 |    326 |   3423 |   8 |  651.4 |
       Dungeon |   4695 |   4535 |    160 |    220 |   3180 |   6 |  782.5 |
        Temple |    278 |    230 |     48 |      0 |    222 |   1 |  278.0 |
       Ossuary |    238 |    238 |      0 |    106 |     21 |   1 |  238.0 |
               +--------+--------+--------+--------+--------+-----+--------+

Top non-repeatable levels by time:
     D:4: 1280 daAuts
     D:3: 955 daAuts
     D:5: 727 daAuts
     D:2: 635 daAuts
     D:1: 619 daAuts
     D:6: 476 daAuts
  Temple: 278 daAuts
 Ossuary: 238 daAuts
